Unix NetHack Version 3.7.0-88 Work-in-progress - last build Aug 21 2023 04:08:40 (b68ccb3e4f8f5dcb83e1e40b1ff56e7dffd4cd28,branch:master). Game began 2023-08-31 16:23:50, ended 2023-08-31 21:29:35. horga, neutral female gnomish Ranger ..-...- ---.. |.... ........- .......--- ------..`%.. .........- ........... |(...|-`..... .....G...|... ..----....{.....-- |(...-.................h...|-..-- -.`.............-. |..*.|..`..................-.....-- ---..|.........-|. ------...................h....|...-- --...|-...---.-- --------------- #.......................---...-- -....--------|--- |`..|[..+]...[|##...@..... |...........................|.| |%...| --..|........$|.......{... .|@| --...@.....*.......... |.-- |...!| --..--|--------........... .-.| #................. |..| ------ |..F.............G........ -|.....#***...*.........|.. |..----- -+--.`...`..-..G... ..*.. ....####...G --... |....|.- ---.....`...... h ....*`---|--- -.. |........ |.-........## |.....| |.. ----.....-- -+----%-.|......*# |.._..| |..|---------.|....|..- |.....`........## |.....| |..--.........| --.....| ---------...... ------- --.......------ --..<| --------- --- Horga the Lookout St:15 Dx:10 Co:14 In:13 Wi:15 Ch:9 Neutral Dlvl:8 $:0 HP:27(35) Pw:22(22) AC:3 Xp:5/199 T:3763 FoodPois Latest messages: O - an uncursed scroll labeled PRATYAVAYAH. P - an uncursed blindfold. You stop. The priestess of Mercury doesn't want to swap places. Your sickness feels worse. Your sickness is severe. You are at Death's door. Double run prefix, canceled. Double run prefix, canceled. The '5' prefix should be followed by a movement command. What do you want to drink? [jqvxH or ?*] Never mind. You drop 391 gold pieces. You drop 25 uncursed arrows. You drop 57 uncursed +2 crossbow bolts. You drop 10 uncursed +0 crossbow bolts. You drop an uncursed +1 crossbow. You drop an uncursed dart. You drop 15 uncursed darts. You drop an uncursed +1 dagger. You cannot drop something you are wearing. You cannot drop something you are wearing. You cannot drop something you are wearing. You drop an uncursed mummy wrapping. You drop 2 uncursed cram rations. You drop an uncursed food ration. You drop an uncursed fortune cookie. You drop an uncursed orange. You drop 2 uncursed lichen corpses. You drop an uncursed scroll labeled PRATYAVAYAH. You drop an uncursed scroll called identify. You drop an uncursed scroll called ko 200. You drop an uncursed scroll called light. You drop an uncursed scroll called zelgo 100. You drop an uncursed dark potion. You drop a blessed puce potion. You drop an uncursed ruby potion. You drop a blessed white potion. You drop an uncursed white potion. You drop an uncursed granite ring. You drop an uncursed pearl ring. You drop an empty uncursed bag. You drop an empty uncursed bag called sack. You drop an uncursed key. You drop an uncursed blindfold. You drop an uncursed green gem. You drop 2 cursed orange gems. You drop an uncursed red gem. You drop an uncursed white gem. Really quit? [yes|n] (n) yes Do you want to see the dungeon overview? [ynq] (y) y Inventory: Armor y - an uncursed +0 dwarvish iron helm (being worn) J - an uncursed +0 pair of iron shoes (being worn) e - an uncursed +2 cloak of displacement (being worn) Horga the Ranger's attributes: Background: You were a Lookout, a level 5 female gnomish Ranger. You were neutral, on a mission for Venus who was opposed by Mercury (lawful) and Mars (chaotic). You were in the Gnomish Mines, on level 8. You entered the dungeon 3763 turns ago. There was a full moon in effect when your adventure ended. You had 199 experience points, 121 more were needed to attain level 6. Basics: You had 27 out of 35 hit points. You had all 22 energy points (spell power). Your armor class was 3. Your wallet was empty. Autopickup was on for '$?!/="*' plus thrown, with exceptions. Final Characteristics: Your strength was 15 (limit:18/50). Your dexterity was 10 (limit:18). Your constitution was 14 (limit:18). Your intelligence was 13 (limit:19). Your wisdom was 15 (limit:18). Your charisma was 9 (limit:18). Final Status: You were terminally sick from food poisoning. You were not hungry. You were unencumbered. You were bare handed. You were unskilled in bare handed combat. Final Attributes: You were piously aligned. You were poison resistant. You had automatic searching. You had infravision. You were displaced. You were warded. You were unlucky. Venus was angry with you. You survived. Miscellaneous: You never encountered a bones level. Total elapsed playing time was 45 minutes and 27 seconds. Major events: Turn 1: horga the neutral female gnomish Ranger entered the dungeon 1221: entered the Gnomish Mines 1710: attained the rank of Lookout (level 3) 2035: reached Mine Town 3763: quit Vanquished creatures: a small mimic a large dog a dwarf mummy a dust vortex 2 bugbears 3 rock piercers a rock mole a fog cloud a gnome leader 2 kittens 2 dwarves 3 homunculi 2 hill orcs 3 rothes a rabid rat 2 orc zombies a dwarf zombie 2 iguanas a large kobold a hobgoblin 2 giant rats a brown mold 6 gnomes a gnome zombie 6 geckos 6 jackals 2 foxes 3 kobolds 4 goblins 2 sewer rats 6 grid bugs 4 lichens 8 newts 83 creatures vanquished. No species were genocided or became extinct. Voluntary challenges: You read items or engraved 42 times. You engraved Elbereth 27 times. You never genocided any monsters. You never polymorphed an object. You never changed form. You used no wishes. Achievements: You entered the Gnomish Mines. You attained the rank of Lookout. You entered Minetown. You entered a temple. You entered a shop. The Dungeons of Doom: levels 1 to 4 Level 1: A fountain. Level 2: An altar to Venus, some fountains. Level 3: A fountain. Level 4: Stairs down to The Gnomish Mines. The Gnomish Mines: levels 5 to 8 Level 5: Level 6: Level 7: Level 8: <- You were here. Many shops, a temple, some fountains. Goodbye horga the Ranger... You quit in The Gnomish Mines on dungeon level 8 with 1146 points, and 0 pieces of gold, after 3763 moves. You were level 5 with a maximum of 35 hit points when you quit.